 Dungeon Crawl Stone Soup version 0.28.0-45-g0d030f2227 (webtiles) character file.

Game seed: 5098802877651269809

256 MisterFreud the Covert (level 6, 0/87 HPs)
             Began as a Gnoll Delver on May 22, 2022.
             Slain by a phantom (2 damage)
             ... on level 5 of the Dungeon.
             The game lasted 00:06:01 (2380 turns).

MisterFreud the Covert (Gnoll Delver)               Turns: 2380, Time: 00:06:02

Health: 0/87       AC: 23    Str: 11    XL:     6   Next: 16%
Magic:  7/7        EV:  2    Int: 11    God:
Gold:   45         SH:  0    Dex: 14    Spells: 8/8 levels left

rFire   . . .      SeeInvis .   a - +0 short sword
rCold   . . .      Faith    .   (no shield)
rNeg    . . .      Spirit   .   (armour currently unavailable)
rPois   +          Reflect  .   (helmet currently unavailable)
rElec   .          Harm     .   (cloak currently unavailable)
rCorr   .          Rampage  .   (gloves currently unavailable)
Will    .....      NoTele   +   (boots currently unavailable)
Stlth   ++++......              (no amulet)
HPRegen 0.24/turn               (no ring)
MPRegen 0.10/turn               (no ring)

@: brilliant, tree-form, attractive
A: stationary, stasis, torment immunity, boosted hp, (fangs 1), strong nose,
distributed training, (talons 1), low MP 1, robust 1
a: no special abilities


You were on level 5 of the Dungeon.
You were a tree.
You visited 1 branch of the dungeon, and saw 3 of its levels.
You also visited: Ossuary.

You collected 45 gold pieces.

Inventory:

Hand Weapons
 a - a +0 short sword (weapon)
Missiles
 d - 6 poisoned darts (quivered)
Armour
 b - a +0 leather armour (melded)
Wands
 g - a wand of digging (3)
Scrolls
 c - 4 scrolls of fog
 i - 5 scrolls of identify {unknown}
 j - a scroll of teleportation
 n - a scroll of magic mapping
Potions
 l - a potion of mutation


   Skills:
 + Level 6.8 Fighting
 + Level 4.9 Short Blades
 + Level 1.8 Long Blades
 + Level 1.8 Axes
 + Level 1.8 Maces & Flails
 + Level 1.8 Polearms
 + Level 1.8 Staves
 + Level 1.8 Slings
 + Level 1.8 Bows
 + Level 1.8 Crossbows
 + Level 1.8 Throwing
 + Level 1.8 Armour
 + Level 4.9 Dodging
 + Level 9.7 Stealth
 + Level 1.8 Shields
 + Level 1.8 Unarmed Combat
 + Level 1.8 Spellcasting
 + Level 1.4 Conjurations
 + Level 1.4 Hexes
 + Level 1.4 Summonings
 + Level 1.4 Necromancy
 + Level 1.4 Translocations
 + Level 1.4 Transmutations
 + Level 1.4 Fire Magic
 + Level 1.4 Ice Magic
 + Level 1.4 Air Magic
 + Level 1.4 Earth Magic
 + Level 1.4 Poison Magic
 + Level 2.0 Invocations
 + Level 1.8 Evocations


You had 8 spell levels left.
You didn't know any spells.
Your spell library was empty.

Dungeon Overview and Level Annotations

Branches:
Dungeon (6/15)             Temple (0/1) D:5         Ossuary (visited)

Altars:


Innate Abilities, Weirdness & Mutations

You are a tree.
Your roots penetrate the ground, keeping you stationary.
You cannot be teleported.
You are immune to unholy pain and torment.
Your maximum health is greatly increased.
Your equipment is partially melded.
((You have very sharp teeth.))
Your uncanny sense of smell can sniff out nearby items.
Your experience applies equally to all skills.
((You have sharp toenails.))
Your magical capacity is low. (-10% MP)
You are robust. (+10% HP)


Message History

The phantom hits you.
* * * LOW HITPOINT WARNING * * *
You hit the phantom.
The phantom is lightly damaged.
The bullfrog skeleton hits you but does no damage.
The phantom hits you but does no damage.
You closely miss the phantom.
The phantom is lightly damaged.
The bullfrog skeleton hits you but does no damage.
The bullfrog skeleton hits you.
* * * LOW HITPOINT WARNING * * *
The phantom hits you but does no damage.
Okay, then.
Unknown command.
As you read the scroll labelled NABLOBAINE, it crumbles to dust.
You feel a strange sense of stasis.
It was a scroll of teleportation.
The bullfrog skeleton hits you but does no damage.
The phantom hits you but does no damage.
Okay, then.
Unknown command.
Okay, then.
Unknown command.
Unknown command.
Unknown command.
Unknown command.
Unknown command.
Unknown command.
You hit the phantom.
The phantom is moderately damaged.
The bullfrog skeleton barely misses you.
Unknown command.
You barely miss the phantom.
The phantom is moderately damaged.
The phantom hits you but does no damage.
The bullfrog skeleton hits you but does no damage.
You hit the phantom.
The phantom is moderately damaged.
The bullfrog skeleton barely misses you.
The phantom hits you.
You die...

* #.......# #.#*,,,,,**...... *
#.......# ##.#*,,>,,***#.###
****##.......###..#*,,,,,* *,***
,,,,.......÷......#*8,,,8* *,,,,
****##.##....#....#***+*** ****,
* #.*##........# **,** ** * #,*
#..#.....#**,,≈** *
*,*###...#.Z.#*≈,,≈≈*
#,##......W♣.#≈≈,,,≈*
###.#..#...>####≈≈≈,,*********
#........#.##****≈≈,,***,,,,,*
#.#.##.#.#.#,,,**≈,,,,**,,,,,,
##.#,*#.#.#.#,,,***,∆,,**,,,,,,
###...,*#...#.#,,,,,,*,**,,,,,,,,
......###..##,,,,,,,,,,**,,,,,,,,
,##.........#*,,,,,,,****,,,,,,,,
*#......#.#..#,∆,**,*****,,,,,,,,


You could see a phantom and a bullfrog skeleton.

Vanquished Creatures
  2 centaur zombies (Ossuary)
  A human zombie (Ossuary)
  3 ogre zombies (Ossuary)
  6 mummies (Ossuary)
  An adder (D:5)
  2 adder zombies (Ossuary)
  5 hobgoblin zombies (Ossuary)
  4 kobold zombies (Ossuary)
  7 quokka zombies (Ossuary)
  6 rat zombies (Ossuary)
37 creatures vanquished.

Vanquished Creatures (others)
  An orc (D:6)
1 creature vanquished.

Grand Total: 38 creatures vanquished

Notes
Turn   | Place    | Note
-------+----------+-------------------------------------------
     0 | D:5      | Reached skill level 9 in Stealth
     0 | D:5      | MisterFreud the Gnoll Delver began the quest for the Orb.
     0 | D:5      | Reached XP level 1. HP: 23/23 MP: 1/1
    27 | D:5      | Reached XP level 2. HP: 11/29 MP: 2/2
    42 | D:5      | Noticed a phantom
    56 | D:4      | Noticed a bullfrog
    57 | D:4      | Noticed a lemure
    57 | D:4      | Noticed a lemure
    74 | D:5      | Found a sand-covered staircase.
    83 | Ossuary  | Entered an ossuary
   509 | Ossuary  | Reached XP level 3. HP: 35/35 MP: 2/4
   593 | Ossuary  | Reached skill level 1 in Long Blades
   593 | Ossuary  | Reached skill level 1 in Axes
   593 | Ossuary  | Reached skill level 1 in Maces & Flails
   593 | Ossuary  | Reached skill level 1 in Polearms
   593 | Ossuary  | Reached skill level 1 in Staves
   593 | Ossuary  | Reached skill level 1 in Slings
   593 | Ossuary  | Reached skill level 1 in Bows
   593 | Ossuary  | Reached skill level 1 in Crossbows
   593 | Ossuary  | Reached skill level 1 in Throwing
   593 | Ossuary  | Reached skill level 1 in Armour
   593 | Ossuary  | Reached skill level 1 in Shields
   593 | Ossuary  | Reached skill level 1 in Unarmed Combat
   593 | Ossuary  | Reached skill level 1 in Spellcasting
   593 | Ossuary  | Reached skill level 1 in Invocations
   593 | Ossuary  | Reached skill level 1 in Evocations
   667 | Ossuary  | Reached XP level 4. HP: 14/41 MP: 5/5
  1063 | Ossuary  | Reached skill level 1 in Conjurations
  1063 | Ossuary  | Reached skill level 1 in Hexes
  1063 | Ossuary  | Reached skill level 1 in Summonings
  1063 | Ossuary  | Reached skill level 1 in Necromancy
  1063 | Ossuary  | Reached skill level 1 in Translocations
  1063 | Ossuary  | Reached skill level 1 in Transmutations
  1063 | Ossuary  | Reached skill level 1 in Fire Magic
  1063 | Ossuary  | Reached skill level 1 in Ice Magic
  1063 | Ossuary  | Reached skill level 1 in Air Magic
  1063 | Ossuary  | Reached skill level 1 in Earth Magic
  1063 | Ossuary  | Reached skill level 1 in Poison Magic
  1172 | Ossuary  | Reached XP level 5. HP: 47/47 MP: 5/7
  1549 | Ossuary  | Noticed Menkaure
  1606 | Ossuary  | HP: 1/47 [mummy (16)]
  1926 | Ossuary  | Reached XP level 6. HP: 53/53 MP: 8/8
  2369 | D:5      | Gained mutation: Your magical capacity is low. (-10% MP)
                  | [potion of mutation]
  2369 | D:5      | Gained mutation: You are robust. (+10% HP) [potion of
                  | mutation]
  2369 | D:5      | Gained mutation: You have sharp toenails. [potion of
                  | mutation]
  2370 | D:5      | HP: 1/58 [phantom (3)]
  2376 | D:5      | HP: 1/87 [bullfrog skeleton (4)]
  2380 | D:5      | Slain by a phantom

Illustrated notes

Levels and vault maps discovered:
D:4:      layout_rooms, nicolae_yredelemnul_ghost_church,
          eat_drink_and_be_merry_uskayaw, uniq_pikel, uniq_grinder,
          uniq_blork_the_orc, uniq_duvessa, uniq_crazy_yiuf_cottage
D:5:      layout_rooms, grunt_dithmenos_smoke_and_mirrors,
          minmay_temple_entry_fiery, nicolae_ossuary_entry_monument,
          dk_noncrumbling_4, kennysheep_dice
D:6:      layout_rooms, led_sif_pool, mainiacjoe_overflow_six_doors_small,
          lemuel_flamethrower_2

Skill      XL: |  1  2  3  4  5 |
---------------+----------------+-----
Stealth        | |  9.7
Long Blades    | 1 |  1.8
Axes           | 1 |  1.8
Maces & Flails | 1 |  1.8
Polearms       | 1 |  1.8
Staves         | 1 |  1.8
Slings         | 1 |  1.8
Bows           | 1 |  1.8
Crossbows      | 1 |  1.8
Throwing       | 1 |  1.8
Armour         | 1 |  1.8
Shields        | 1 |  1.8
Unarmed Combat | 1 |  1.8
Spellcasting   | 1 |  1.8
Invocations    | 1 2 |  2.0
Evocations     | 1 |  1.8
Conjurations   | 1 |  1.4
Hexes          | 1 |  1.4
Summonings     | 1 |  1.4
Necromancy     | 1 |  1.4
Translocations | 1 |  1.4
Transmutations | 1 |  1.4
Fire Magic     | 1 |  1.4
Ice Magic      | 1 |  1.4
Air Magic      | 1 |  1.4
Earth Magic    | 1 |  1.4
Poison Magic   | 1 |  1.4
Fighting       | |  6.8
Short Blades   | |  4.9
Dodging        | |  4.9

Action                   |  1- 3 |  4- 6 || total
-------------------------+-------+-------++-------
Melee: Short sword       |    49 |   171 ||   220
       Bite              |     5 |    22 ||    27
       Punch             |     1 |     6 ||     7
  Use: Scroll            |     1 |     2 ||     3
       Potion            |     1 |     5 ||     6
 Stab: Sleeping          |     4 |     8 ||    12
Armor: Leather armour    |     5 |    24 ||    29
       Skin              |       |    12 ||    12
Dodge: Dodged            |    23 |    82 ||   105
